 Dungeon Crawl Stone Soup version 0.18-a0-1418-ga86aa8f (webtiles) character file.

8032 Foomius the Destroyer (level 11, -4/81 HPs)
             Began as a Demonspawn Necromancer on Feb 26, 2016.
             Was a High Priest of Okawaru.
             Killed from afar by an electric eel (5 damage)
             ... with a bolt of electricity
             ... on level 11 of the Dungeon.
             The game lasted 00:55:12 (9595 turns).

Foomius the Destroyer (Demonspawn Necromancer)      Turns: 9595, Time: 00:55:13

Health: -4/81      AC:  8    Str:  8    XL:     11   Next: 4%
Magic:  5/21       EV: 24    Int: 20    God:    Okawaru [*****.]
Gold:   426        SH:  8    Dex: 19    Spells: 8 memorised, 3 levels left

rFire  . . .     SeeInvis .     a - +3 rapier (venom)
rCold  . . .     Gourm    .     A - +0 robe
rNeg   . . .     Faith    .     P - +0 buckler
rPois  .         Spirit   .     w - +1 helmet
rElec  .         Dismiss  .     M - +0 cloak
rCorr  .         Reflect  +     t - +0 pair of gloves (curse)
SustAt .         Harm     .     (no boots)
MR     +....                    F - +2 amulet of reflection
Stlth  +++.......               X - ring of protection from magic
                                U - +2 ring of evasion

@: agile, lethally poisoned (-4 -> -20), very slightly contaminated, somewhat
resistant to hostile enchantments, fairly stealthy
A: talons 1, thin metallic scales 1, powered by death 2
a: Heroism, Finesse, Renounce Religion


You were on level 11 of the Dungeon.
You worshipped Okawaru.
Okawaru was extremely pleased with you.
You were not hungry.

You visited 2 branches of the dungeon, and saw 12 of its levels.

You collected 426 gold pieces.

Inventory:

Hand Weapons
 a - a +3 rapier of venom (weapon)
 b - a +1 flail
 m - a +0 dagger of protection
 E - a +0 morningstar
 T - a +1 spear of flaming
Missiles
 k - 5 curare-tipped needles
 n - 386 stones (quivered)
Armour
 t - a cursed +0 pair of gloves (worn)
 w - a +1 helmet (worn)
 A - a +0 robe (worn)
 M - a +0 cloak (worn)
 P - a +0 buckler (worn)
Jewellery
 q - an uncursed amulet of guardian spirit {unknown}
 y - an uncursed ring of flight
 F - a +2 amulet of reflection (around neck)
 I - an uncursed amulet of rage
 U - a +2 ring of evasion (left hand)
 X - a ring of protection from magic (right hand)
Wands
 l - a wand of acid (6/15)
 v - a wand of teleportation (2/9)
 W - a wand of slowing (23/48)
 Z - a wand of enslavement (8/24)
Scrolls
 i - 5 scrolls of enchant weapon
 j - 2 scrolls of teleportation
 p - 2 scrolls of random uselessness {unknown}
 s - a scroll of recharging {unknown}
 D - 3 scrolls of remove curse
 K - a scroll of amnesia {unknown}
 N - a scroll of brand weapon {unknown}
 V - a scroll of vulnerability {unknown}
Potions
 d - 3 potions of brilliance
 e - a potion of flight
 g - 2 potions of magic
 h - a potion of cancellation
 r - a potion of ambrosia
 z - 2 potions of lignification
 C - a potion of haste
 J - a potion of invisibility
 L - a potion of berserk rage
 O - a potion of curing
Books
 f - a book of Necromancy

   Spells                             Type                      Level
   a - Pain                           Necromancy                   1
   b - Animate Skeleton               Necromancy                   1
   c - Vampiric Draining              Necromancy                   3
   d - Regeneration                   Charms/Necromancy            3
   e - Animate Dead                   Necromancy                   4
   f - Control Undead                 Necromancy                   4
 B - the Papyrus of Attacks
   (You found it on level 5 of the Dungeon)

   Spells                             Type                      Level
   a - Shock                          Conjuration/Air              1
   b - Throw Flame                    Conjuration/Fire             2
   c - Mephitic Cloud                 Conjuration/Poison/Air       3
   d - Irradiate                      Conjuration/Transmutation    5
 G - a book of Hinderance

   Spells                             Type                      Level
   a - Confusing Touch                Hexes                        2
   b - Confuse                        Hexes                        3
   c - Gell's Gravitas                Hexes/Translocation          3
   d - Petrify                        Transmutation/Earth          4
   e - Metabolic Englaciation         Hexes/Ice                    5
   f - Yara's Violent Unravelling     Hexes/Transmutation          5
 R - a book of Minor Magic

   Spells                             Type                      Level
   a - Magic Dart                     Conjuration                  1
   b - Blink                          Translocation                2
   c - Call Imp                       Summoning                    2
   d - Repel Missiles                 Charms/Air                   2
   e - Slow                           Hexes                        2
   f - Conjure Flame                  Conjuration/Fire             3
   g - Mephitic Cloud                 Conjuration/Poison/Air       3
 S - a book of Frost

   Spells                             Type                      Level
   a - Freeze                         Ice                          1
   b - Throw Frost                    Conjuration/Ice              2
   c - Ozocubu's Armour               Charms/Ice                   3
   d - Throw Icicle                   Conjuration/Ice              4
   e - Summon Ice Beast               Ice/Summoning                4
Comestibles
 c - 8 bread rations
 u - 5 meat rations
 H - a slice of pizza


   Skills:
 - Level 6.0 Fighting
 + Level 3.4 Maces & Flails
 + Level 6.7 Dodging
 - Level 1.7 Stealth
 - Level 4.0 Shields
 - Level 7.0 Spellcasting
 - Level 8.0 Conjurations
 - Level 2.1 Charms
 - Level 7.3 Necromancy
 - Level 1.4 Air Magic
 + Level 1.0 Invocations
 - Level 2.6 Evocations


You had 3 spell levels left.
You knew the following spells:

 Your Spells              Type           Power        Failure   Level  Hunger
a - Pain                  Necr           ####         1%          1    None
b - Animate Skeleton      Necr           N/A          1%          1    None
c - Control Undead        Necr           #####.....   6%          4    ###....
d - Throw Flame           Conj/Fire      ###...       2%          2    None
e - Animate Dead          Necr           N/A          6%          4    ###....
g - Regeneration          Chrm/Necr      ####......   6%          3    #......
m - Mephitic Cloud        Conj/Pois/Air  ###.....     10%         3    #......
v - Vampiric Draining     Necr           #####.....   1%          3    #......


Dungeon Overview and Level Annotations

Branches:
Dungeon (11/15)            Temple (1/1) D:4
   Lair: D:8-11         Orc: D:9-12

Altars:
Ashenzari
Cheibriados
Dithmenos
Elyvilon
Fedhas
Gozag
Kikubaaqudgha
Makhleb
Nemelex Xobeh
Okawaru
Pakellas
Qazlal
Ru
Sif Muna
Trog
Vehumet
Xom
Yredelemnul
Zin
The Shining One
Beogh

Shops:
D:11 [

Portals:
Trove: D:10 (give wand of heal wounds (9))

Annotations:
D:4 Edmund


Innate Abilities, Weirdness & Mutations

You have sharp toenails.
You are partially covered in thin metallic scales (AC +2).
You regenerate health from kills.


Message History

You feel very sick.
You feel sick.
You feel very sick.
You feel sick. You block the crimson imp's attack.
A yak comes into view.
You feel very sick.
You feel sick.
The yak bellows!
There is a stone staircase leading down here.
Your skin stops crawling.
* * * LOW HITPOINT WARNING * * *
You feel sick.
* * * LOW HITPOINT WARNING * * *
You feel sick.
You feel less regenerative.
* * * LOW HITPOINT WARNING * * *
You feel sick.
The electric eel shoots out a bolt of lightning at you!
The bolt of electricity hits you!
You die...

#......#
#......###
#.........
#........ #......#
#......# .
#......### .
#Y@......≈ .
#5#....≈.≈ ≈
#....≈≈..≈ .
#>h...≈≈≈≈ .
#....≈≈≈≈≈ ≈
#########.....≈≈≈≈
≈≈
............≈≈.;≈≈
≈;
#..$..........≈≈≈≈
..
#...........≈≈≈.≈
≈≈


You could see a yak, an electric eel and a crimson imp.

Vanquished Creatures
  A hill giant (D:11)
  2 ugly things (D:11)
  2 trolls
  A merfolk (D:9)
  A wyvern (D:10)
  A hungry ghost (D:7)
  Eustachio (D:4)
  8 yaks
  2 wolves (D:11)
  4 orc warriors
  A sky beast (D:9)
  An eye of draining (D:9)
  An ice beast (D:9)
  3 black bears
  7 ogres
  A centaur (D:5)
  5 giant frogs
  A water moccasin zombie (D:10)
  2 water moccasin skeletons
  6 scorpions
  6 killer bees
  3 wights
  4 crimson imps
  2 hounds (D:11)
  2 giant frog zombies
  A jelly (D:5)
  A giant frog skeleton (D:9)
  Crazy Yiuf (D:7)
  2 orc priests
  A centaur skeleton (D:4)
  A gnoll shaman (D:4)
  5 iguanas
  6 worker ants
  Natasha (thrice) (D:3)
  3 orc wizards
  A hound zombie (D:9)
  A howler monkey zombie (D:7)
  A worker ant zombie (D:5)
  Robin (D:3)
  8 adders
  3 gnolls (D:4)
  4 shadow imps
  An adder zombie (D:5)
  3 worms (D:2)
  4 dart slugs
  3 giant geckos
  39 orcs
  3 giant cockroaches
  13 goblins
  8 hobgoblins
  4 jackals
  2 quokkas
  2 ball pythons
  7 bats
  A giant gecko skeleton (D:4)
  A giant gecko zombie (D:6)
  4 giant newts
  4 kobolds
  A quokka skeleton (D:7)
  5 rats
216 creatures vanquished.

Vanquished Creatures (collateral kills)
  A centaur skeleton (D:10)
  An ice beast (D:10)
  An ogre (D:10)
  A giant frog (D:9)
  A scorpion (D:10)
  3 killer bees
  5 wights
  An electric eel (D:11)
  A crimson imp (D:10)
  A giant frog skeleton (D:4)
  2 orc priests
  2 hounds
  An iguana (D:8)
  An orc wizard (D:9)
  An adder (D:9)
  A giant gecko (D:7)
  12 orcs
  A jackal (D:7)
37 creatures vanquished.

Grand Total: 253 creatures vanquished

Notes
Turn   | Place    | Note
--------------------------------------------------------------
     0 | D:1      | Foomius the Demonspawn Necromancer began the quest for the Orb.
     0 | D:1      | Reached XP level 1. HP: 13/13 MP: 3/3
     3 | D:1      | Noticed an electric eel
     3 | D:1      | Noticed an electric eel
   256 | D:1      | Reached skill level 1 in Fighting
   369 | D:1      | Gained mutation: You have sharp toenails. [demonic ancestry]
   369 | D:1      | Reached XP level 2. HP: 14/21 MP: 3/5
   881 | D:2      | Reached XP level 3. HP: 18/28 MP: 2/6
  1085 | D:2      | Found a glowing silver altar of Zin.
  1092 | D:2      | Found a basalt altar of Yredelemnul.
  1319 | D:2      | Found a sparkling altar of Nemelex Xobeh.
  1460 | D:3      | Gained mutation: You regenerate a little health from kills. [demonic ancestry]
  1460 | D:3      | Reached XP level 4. HP: 25/35 MP: 2/8
  1515 | D:3      | Found an opulent altar of Gozag.
  1593 | D:3      | Learned a level 3 spell: Vampiric Draining
  1597 | D:3      | Learned a level 3 spell: Regeneration
  1620 | D:3      | Found a shadowy altar of Dithmenos.
  1745 | D:3      | Noticed Robin
  1810 | D:3      | Killed Robin
  1816 | D:3      | Learned a level 1 spell: Animate Skeleton
  2031 | D:4      | Noticed Natasha
  2049 | D:3      | Killed Natasha
  2088 | D:4      | Noticed a giant frog
  2098 | D:4      | Killed a giant frog
  2098 | D:4      | Reached skill level 1 in Charms
  2098 | D:4      | Reached XP level 5. HP: 22/42 MP: 9/9
  2170 | D:3      | Noticed Natasha
  2174 | D:3      | Killed Natasha
  2226 | D:3      | Noticed Natasha
  2230 | D:3      | Killed Natasha
  2310 | D:4      | Gained mutation: You are partially covered in thin metallic scales (AC +2). [demonic ancestry]
  2310 | D:4      | Reached XP level 6. HP: 46/49 MP: 5/10
  2317 | D:4      | Found a staircase to the Ecumenical Temple.
  2326 | Temple   | Entered the Ecumenical Temple
  2612 | D:4      | Reached skill level 5 in Necromancy
  2649 | D:4      | Noticed Edmund
  2860 | D:4      | Reached skill level 5 in Fighting
  2875 | D:4      | Noticed Eustachio
  3176 | D:4      | Killed Eustachio
  3176 | D:4      | Reached XP level 7. HP: 40/56 MP: 5/11
  3371 | D:5      | Entered Level 5 of the Dungeon
  3593 | D:5      | Identified the Papyrus of Attacks (You found it on level 5 of the Dungeon)
  4410 | D:5      | Reached XP level 8. HP: 61/64 MP: 9/13
  4610 | D:5      | Learned a level 4 spell: Control Undead
  4614 | D:5      | Learned a level 3 spell: Mephitic Cloud
  4749 | D:6      | Reached skill level 1 in Conjurations
  5123 | D:6      | Found an iron altar of Okawaru.
  5128 | D:6      | Became a worshipper of Warmaster Okawaru
  5190 | D:6      | Reached skill level 2 in Conjurations
  5261 | D:6      | Reached skill level 5 in Spellcasting
  5261 | D:6      | Reached skill level 3 in Conjurations
  5265 | D:6      | Learned a level 2 spell: Throw Flame
  5388 | D:7      | Reached * piety under Okawaru
  5507 | D:7      | Noticed Crazy Yiuf
  5513 | D:7      | Killed Crazy Yiuf
  5632 | D:7      | Reached skill level 4 in Conjurations
  5895 | D:7      | Reached XP level 9. HP: 16/69 MP: 1/18
  5989 | D:7      | Reached skill level 5 in Conjurations
  6014 | D:7      | Found a deep blue altar of Sif Muna.
  6049 | D:7      | Reached ** piety under Okawaru
  6049 | D:7      | Reached skill level 1 in Invocations
  6364 | D:8      | Reached skill level 1 in Shields
  6608 | D:8      | Found a stormy altar of Qazlal.
  7018 | D:8      | Reached skill level 6 in Conjurations
  7555 | D:9      | Reached *** piety under Okawaru
  7564 | D:9      | Found a shattered altar of Ashenzari.
  7600 | D:9      | Gained mutation: You regenerate health from kills. [demonic ancestry]
  7600 | D:9      | Reached XP level 10. HP: 13/76 MP: 2/19
  7622 | D:9      | Reached skill level 7 in Conjurations
  7781 | D:9      | Learned a level 4 spell: Animate Dead
  7994 | D:9      | Reached **** piety under Okawaru
  7994 | D:9      | Reached skill level 5 in Dodging
  8324 | D:10     | Entered Level 10 of the Dungeon
  8566 | D:10     | Found a roughly hewn altar of Beogh.
  8793 | D:10     | Reached skill level 1 in Maces & Flails
  8821 | D:10     | Reached skill level 8 in Conjurations
  8830 | D:10     | Found a portal to a secret trove of treasure.
  9314 | D:11     | Noticed a white ugly thing
  9352 | D:11     | Killed a white ugly thing
  9352 | D:11     | Reached skill level 1 in Air Magic
  9385 | D:11     | Noticed a brown ugly thing
  9394 | D:11     | Reached ***** piety under Okawaru
  9394 | D:11     | Reached skill level 1 in Evocations
  9433 | D:11     | Killed a brown ugly thing
  9436 | D:11     | Received a gift from Okawaru
  9486 | D:11     | Found Gumyogh's Armour Shoppe.
  9487 | D:11     | Noticed a hill giant
  9503 | D:11     | Killed a hill giant
  9503 | D:11     | Reached XP level 11. HP: 76/81 MP: 11/21
  9586 | D:11     | HP: 4/81 [poisoned by a killer bee]
  9591 | D:11     | HP: 3/81 [poisoned by a killer bee]
  9594 | D:11     | HP: 1/81 [poisoned by a killer bee]
  9595 | D:11     | Killed from afar by an electric eel

Vault maps used:
D:1:      arrival_aquarium_b
D:2:      nemelex_altar_shiori, grunt_temple_overflow_open, first_bread
D:3:      nicolae_gozag_cash_rules_everything_around_me,
          grunt_dithmenos_smoke_and_mirrors, uniq_robin
D:4:      minmay_temple_entry_trees, minmay_misc_feat_rows, uniq_edmund,
          uniq_eustachio, uniq_natasha
D:5:      serial_co_window_serial, co_window_paths_b, co_window_corner_a,
          co_window_paths_b, co_window_corner_a, co_window_corner_a,
          co_window_of_opportunity_c, co_window_corner_cb,
          co_window_unsneaky_path_e, co_window_broadway_b, glass_columns_a
D:6:      okawaru_gym_becter
D:7:      lemuel_crystal_altar, uniq_crazy_yiuf_cottage
D:8:      nicolae_qazlal_eye_of_the_storm
D:9:      marbit_many_paths, hangedman_fish_farm
D:10:     nicolae_trove_entry_diagonal, special_room
D:11:     erik_lair_island, david_orc_3, serial_shops, nicolae_shop_waterfront,
          kennysheep_dice
Temple:   triangle_lava_temple_12

Skill      XL: |  1  2  3  4  5  6  7  8  9 10 |
---------------+-------------------------------+-----
Fighting       | 1 2 3 4 5 6 |  6.0
Charms         | 1 2 |  2.1
Necromancy     | 6 7 |  7.3
Spellcasting   | 3 6 7 |  7.0
Conjurations   | 4 6 8 |  8.0
Invocations    | 1 |  1.0
Dodging        | 4 6 |  6.7
Shields        | 3 4 |  4.0
Maces & Flails | 3 |  3.4
Air Magic      | 1 |  1.4
Evocations     | 2 |  2.6
Stealth        | |  1.7

Action                   |  1- 3 |  4- 6 |  7- 9 | 10-12 || total
-------------------------+-------+-------+-------+-------++-------
Melee: Spear             |    57 |   124 |    29 |     1 ||   211
       Rapier            |       |       |   273 |   178 ||   451
       Morningstar       |       |       |    13 |     1 ||    14
       Flail             |       |       |     8 |    71 ||    79
Throw: Stone             |     2 |     3 |     6 |     5 ||    16
 Cast: Pain              |    43 |    46 |    64 |    31 ||   184
       Vampiric Draining |       |     8 |    13 |    13 ||    34
       Animate Skeleton  |       |     5 |    21 |     9 ||    35
       Regeneration      |       |     3 |     6 |     5 ||    14
       Throw Flame       |       |       |    21 |     9 ||    30
       Control Undead    |       |       |     6 |     5 ||    11
       Mephitic Cloud    |       |       |     2 |     9 ||    11
       Animate Dead      |       |       |       |     9 ||     9
Invok: Heroism           |       |       |     2 |     1 ||     3
 Abil: Evoke Berserk Rag |       |       |       |     1 ||     1
  Use: Potion            |       |       |     4 |     2 ||     6
       Scroll            |       |       |    17 |     4 ||    21
 Stab: Sleeping          |       |     2 |     6 |       ||     8
       Confused          |       |       |       |     4 ||     4
       Distracted        |       |       |       |     1 ||     1
  Eat: Chunk             |     2 |     7 |    12 |    11 ||    32
       Beef jerky        |       |       |     4 |       ||     4
       Meat ration       |       |       |     1 |       ||     1
       Fruit             |       |       |     1 |       ||     1
